AoeStats
← erenyager958187

Migration

509240872Analyzed
1v1 RM · 8d ago on Sep 26, 2026· 38m 43s· 2 players
Game mode
Random Map
Map size
132×132
Population
200
Speed
Normal
Resources
Standard
Victory
Conquest
Starting age
Dark Age
Ending age
Imperial Age
RankedLock teamsTeams togetherTeam positionsShared explorationLock speedFull tech treeHidden civsTurbo modeCheats
Victory
Defeat
🇨🇭 Varangians · Switzerland
1054
+14
🇦🇷 Sicilians · Argentina
1007
-40
erenyager958187
11:46 Feudal Age
10:01 Loom
19:57 Double-Bit Axe
19:54 Horse Collar
22:32 Gold Mining
22:36 Stone Mining
25:28 Forging
25:19 Scale Mail Armor
FreakinAndry
11:41 Feudal Age
11:09 Loom
12:45 Fishing Lines
13:41 Double-Bit Axe
16:43 Castle Age
17:39 Bow Saw
18:59 Medium Warships
19:51 Bloodlines
19:41 Husbandry
20:00 Forging
19:56 Scale Barding Armor
19:45 Gold Mining
20:31 Gillnets
21:25 Fletching
23:26 Iron Casting
24:49 Bodkin Arrow
25:14 Chain Barding Armor
26:55 Wheelbarrow
28:07 Town Watch
29:17 Hand Cart
29:48 Town Patrol
41:06 Imperial Age
Connection lost

Rejoining the realm…

Still unreachable

The connection could not be restored.

Session expired

The server has moved on; the page needs a fresh start.